 Dungeon Crawl Stone Soup version 0.25-a0-733-gf7d8cd8a05 (webtiles) character file.

Game seed: 3335786004497844425, levelgen mode: deterministic

2777 MisterFreud the Nimble (level 9, -1/64 HPs)
             Began as a Felid Berserker on Apr 9, 2020.
             Was a High Priest of Trog.
             Slain by an orc warrior
             ... wielding a +0 battleaxe
              (26 damage)
             ... on level 9 of the Dungeon.
             The game lasted 00:13:29 (9135 turns).

MisterFreud the Nimble (Felid Berserker)            Turns: 9135, Time: 00:13:29

Health: -1/64      AC:  2    Str: 13      XL:     9   Next: 42%
Magic:  16/16      EV: 26    Int:  9      God:    Trog [*****.]
Gold:   504        SH:  0    Dex: 17 (18) Spells: 8/8 levels left
                                        Lives:  0   Deaths: 2

rFire    . . .     SeeInvis +     - Unarmed
rCold    . . .     Gourm    .   (shield unavailable)
rNeg     . . .     Faith    +   (armour unavailable)
rPois    .         Spirit   .   (helmet unavailable)
rElec    .         Reflect  .   (cloak unavailable)
rCorr    .         Harm     .   (gloves unavailable)
MR       +....                  (boots unavailable)
Stlth    ..........             e - amulet of faith
HPRegen  0.20/turn              g - ring of stealth
MPRegen  0.15/turn              (no ring)

@: berserking, very quick
A: very small, no armour, no weapons or thrown items, stealth, claws 1, fangs 3,
see invisible, carnivore, speed 1, shaggy fur 2, slow metabolism 1, sharp paws
a: Berserk, Trog's Hand, Brothers in Arms, Renounce Religion


You were on level 9 of the Dungeon.
You worshipped Trog.
Trog was extremely pleased with you.
You were very full.

You visited 1 branch of the dungeon, and saw 9 of its levels.

You collected 504 gold pieces.

Inventory:

Jewellery
 e - an amulet of faith (around neck)
 g - a ring of stealth (left paw)
 I - an uncursed amulet of magic regeneration {unknown}
Wands
 b - a wand of polymorph (7)
 c - a wand of enslavement (11)
 x - a wand of clouds (7)
 D - a wand of flame (17)
 G - a wand of iceblast (9)
Scrolls
 d - a scroll of amnesia
 h - 4 scrolls of teleportation
 k - 6 scrolls of remove curse
 l - 2 scrolls of fear {unknown}
 p - a scroll of fog {unknown}
 t - 4 scrolls of magic mapping
 v - a scroll of immolation {unknown}
 w - 4 scrolls of enchant armour
 y - a scroll of noise {unknown}
 A - a scroll of torment {unknown}
 B - a scroll of blinking
 C - a scroll of vulnerability {unknown}
 H - a scroll of random uselessness {unknown}
 J - a scroll of identify
Potions
 f - 2 potions of ambrosia
 i - 2 potions of cancellation
 j - 3 potions of flight
 m - 3 potions of lignification
 n - 2 potions of might
 o - 3 potions of haste
 q - 5 potions of curing
 r - a potion of resistance {unknown}
 s - 2 potions of brilliance
 u - 2 potions of heal wounds
 z - a potion of invisibility {unknown}
 E - a potion of degeneration {unknown}
 F - a potion of berserk rage {unknown}
Comestibles
 a - 14 rations


   Skills:
 + Level 7.7 Fighting
 + Level 10.8 Dodging
 - Level 8.0 Stealth
 + Level 7.6 Unarmed Combat
 - Level 8.0 Evocations


You had 8 spell levels left.
You didn't know any spells.
Your spell library was empty.

Dungeon Overview and Level Annotations

Branches:
Dungeon (9/15)             Temple (0/1) D:4            Lair (0/6) D:9
    Orc: D:9-12

Altars:
Ashenzari
Fedhas
Hepliaklqana
Kikubaaqudgha
Nemelex Xobeh
Okawaru
Qazlal
Ru
Sif Muna
Uskayaw
Beogh

Annotations:
D:8 3 runed translucent doors, WasteTime4's ghost, novice DDFi
D:9 1 runed translucent door, Yehuk's ghost, novice GrFi


Innate Abilities, Weirdness & Mutations

You cannot wear armour.
You are incapable of wielding weapons or throwing items.
Your paws allow you to move quietly. (Stealth)
You have sharp claws.
You have razor-sharp teeth.
You have supernaturally acute eyesight. (SInv)
You are carnivorous and can eat meat at any time.
You cover ground quickly.
You are covered in thick fur. (AC +2)
You have a slow metabolism.
Your sharp claws are effective at attacking unaware monsters.


Message History

An orc warrior is nearby!
No reachable target in view!
No reachable target in view!
Found 7 gold pieces.
Found a staircase to the Lair.
There is an open door here.
You closely miss the orc warrior.
You bite the orc warrior, but do no damage.
The orc warrior hits you with a +0 battleaxe!
You scratch the orc warrior.
You bite the orc warrior, but do no damage.
The orc warrior is lightly wounded.
The orc warrior hits you with a +0 battleaxe.
A red film seems to cover your vision as you go berserk!
You feel yourself moving faster!
You feel mighty!
You feel quite a bit less full.
You closely miss the orc warrior.
You bite the orc warrior, but do no damage.
The orc warrior is lightly wounded.
The orc warrior hits you with a +0 battleaxe!!
You die...

#........#### #.# #....
#...........#####.# #....
##..........##....## #....
#..........#......### ######..8.
#.......#...PP.PP...###.........
#.......#....PP......##.###.....
#...(...#.P.PP..........# #..##.
####.###....P...P......## #..###
#...# #.P.PP##@#....(.####..###
###...###....P#$o#...............
....≈..#..PP..#>.#..P..#####.....
...≈≈.....P(.P####.P..P# #.....
#.≈≈≈.......P.P.P.P.P..######.###
#.≈≈≈≈.###...P...P.........).....
#.≈≈≈≈.# #....P..PPPPP#######.###
....≈..###.....P.P...## ##.##
...................### #<..#


You could see an orc warrior.

Vanquished Creatures
  A hornet (D:8)
  Prince Ribbit (D:6)
  A hippogriff (D:7)
  Sigmund (D:3)
  A spriggan (D:7)
  A wyvern (D:9)
  5 yaks (D:9)
  2 ice beasts
  An orc warrior (D:6)
  2 porcupines (D:9)
  2 sky beasts
  A phantom (D:5)
  6 necrophages (D:9)
  3 centaurs
  2 ogres
  5 bullfrogs
  A wyvern skeleton (D:9)
  3 scorpions
  A wight (D:9)
  3 killer bees (D:9)
  An electric eel (D:9)
  3 crimson imps
  2 quasits
  A centaur zombie (D:9)
  3 hounds
  2 bullfrog zombies (D:7)
  2 orc priests (D:5)
  A jelly (D:5)
  Terence (D:3)
  Jessica (D:3)
  A bullfrog skeleton (D:7)
  4 iguanas
  5 worker ants
  8 orc wizards
  2 hound zombies (D:9)
  3 hound skeletons
  2 mummies (D:9)
  A howler monkey zombie (D:9)
  3 worker ant zombies
  10 gnolls
  12 adders
  An adder zombie (D:7)
  2 worms
  5 dart slugs
  11 leopard geckos
  18 orcs
  A ball python (D:1)
  6 bats
  13 giant cockroaches
  6 goblins
  5 hobgoblins
  17 jackals
  7 kobolds
  6 quokkas
  7 frilled lizards
  A jackal skeleton (D:4)
  A leopard gecko skeleton (D:4)
  2 leopard gecko zombies
  5 rats
225 creatures vanquished.

Vanquished Creatures (others)
  A fungus (D:9)
  3 plants (D:9)
4 creatures vanquished.

Grand Total: 229 creatures vanquished

Notes
Turn   | Place    | Note
-------+----------+-------------------------------------------
     0 | D:1      | MisterFreud the Felid Berserker began the quest for the
                  | Orb.
     0 | D:1      | Reached XP level 1. HP: 10/10 MP: 2/2
   385 | D:1      | Reached XP level 2. HP: 6/14 MP: 3/3
  1120 | D:2      | Found a shattered altar of Ashenzari.
  1143 | D:2      | Found an iron altar of Okawaru.
  1147 | D:2      | Reached XP level 3. HP: 18/18 MP: 4/4
  1189 | D:2      | Reached ** piety under Trog
  1553 | D:2      | Reached XP level 4. HP: 22/22 MP: 5/5
  1632 | D:2      | Reached skill level 5 in Fighting
  1829 | D:2      | Reached skill level 1 in Stealth
  2081 | D:3      | Reached XP level 5. HP: 26/26 MP: 6/6
  2151 | D:3      | Reached *** piety under Trog
  2186 | D:3      | Noticed Terence
  2224 | D:3      | Killed Terence
  2323 | D:3      | Reached skill level 5 in Dodging
  2373 | D:3      | Noticed Sigmund
  2380 | D:3      | Killed Sigmund
  2380 | D:3      | Gained mutation: You are covered in thick fur. (AC +2)
                  | [Felid growth]
  2380 | D:3      | Reached XP level 6. HP: 30/30 MP: 7/7
  2433 | D:3      | Noticed Jessica
  2445 | D:3      | Killed Jessica
  3001 | D:4      | Reached skill level 6 in Dodging
  3016 | D:4      | Reached XP level 7. HP: 25/33 MP: 8/8
  3169 | D:4      | Found a staircase to the Ecumenical Temple.
  3209 | D:4      | Reached **** piety under Trog
  3209 | D:4      | Reached skill level 5 in Stealth
  3352 | D:4      | Found a sparkling altar of Nemelex Xobeh.
  3775 | D:5      | Entered Level 5 of the Dungeon
  3776 | D:5      | Reached skill level 5 in Unarmed Combat
  3812 | D:5      | Reached skill level 1 in Evocations
  3967 | D:5      | Reached skill level 7 in Dodging
  4043 | D:5      | Reached XP level 8. HP: 7/37 MP: 9/11
  4045 | D:5      | HP: 2/55 [poisoned by an adder]
  4123 | D:5      | Reached skill level 8 in Dodging
  4262 | D:5      | You fall into a shaft and drop 1 floor!
  4262 | D:6      | Found a stormy altar of Qazlal.
  4457 | D:6      | Noticed Prince Ribbit
  4461 | D:6      | Killed Prince Ribbit
  4536 | D:6      | Found a blossoming altar of Fedhas.
  5499 | D:5      | You fall into a shaft and drop 1 floor!
  5651 | D:5      | Found a hide-covered altar of Uskayaw.
  6094 | D:7      | Noticed a hippogriff
  6105 | D:7      | Killed a hippogriff
  6197 | D:7      | Reached XP level 9. HP: 36/41 MP: 14/14
  6277 | D:7      | Reached ***** piety under Trog
  6408 | D:7      | Reached skill level 9 in Dodging
  6563 | D:7      | Found a hazy altar of Hepliaklqana.
  6564 | D:7      | Found a shimmering blue altar of Sif Muna.
  6565 | D:7      | Found an ancient bone altar of Kikubaaqudgha.
  6995 | D:8      | Found a sacrificial altar of Ru.
  7077 | D:8      | Found a runed translucent gate.
  7079 | D:8      | Found a runed translucent gate.
  7080 | D:8      | Found a roughly hewn altar of Beogh.
  7080 | D:8      | Found a runed translucent gate.
  7080 | D:8      | Noticed WasteTime4's ghost (novice DDFi)
  7082 | D:8      | Identified the +6 chain mail of the Echidna {Int+4 Stlth+}
  7233 | D:8      | Paralysed by a hornet for 3 turns
  7235 | D:8      | HP: 3/61 [centaur (5)]
  7236 | D:8      | Mangled by a hornet
  7237 | D:8      | Reached XP level 8. HP: -12/57 MP: 14/14
  7438 | D:8      | Killed a hornet
  7933 | D:9      | Reached XP level 9. HP: 34/42 MP: 15/15
  8211 | D:9      | Reached skill level 10 in Dodging
  8535 | D:9      | Slain by a killer bee
  8536 | D:9      | Reached XP level 8. HP: -2/38 MP: 15/15
  8561 | D:9      | Reached XP level 9. HP: 34/43 MP: 16/16
  9015 | D:9      | Found a runed translucent door.
  9016 | D:9      | Noticed Yehuk's ghost (novice GrFi)
  9017 | D:9      | Noticed a polar bear
  9128 | D:9      | Found a staircase to the Lair.
  9135 | D:9      | Slain by an orc warrior

Levels and vault maps discovered:
D:1:      shiori_arrival_maze, layout_loops_ring,
          wander_ebering_terrifying_dragon_lair
D:2:      layout_loops_cross, overflow_temple_1_default, okawaru_gym_becter,
          chequers_jeans, st_stairs_7, minmay_worlds_worst_comb
D:3:      layout_rooms, uniq_jessica, uniq_sigmund, uniq_terence
D:4:      layout_gridville, nemelex_xobeh_ov_fountains_minmay,
          minmay_temple_entry_mini_moons, minmay_manual_moon
D:5:      layout_layer_cave, marbit_many_paths, first_ration
D:6:      layout_basic, kennysheep_mini, grunt_qazlal_clouds,
          uniq_prince_ribbit1
D:7:      layout_basic, gammafunk_temple_overflow_claw, hex_medium, the_bakery
D:8:      layout_loops_ring, nicolae_ru_awakened_eye, biasface_ghost_orc_armoury
D:9:      layout_loops_ring, grunt_lair_entry_orc_guard_hut,
          ebering_ghost_funeral_grove, serial_undead, serial_undead_c,
          serial_undead_e, serial_undead_f, serial_undead_f, serial_undead_d,
          serial_undead_b, serial_undead_f

Skill      XL: |  1  2  3  4  5  6  7  8  9 |
---------------+----------------------------+-----
Fighting       | 4 5 7 |  7.7
Stealth        | 1 4 5 6 8 |  8.0
Dodging        | 5 6 7 8 10 | 10.8
Unarmed Combat | 4 5 7 6 |  7.6
Evocations     | 3 6 8 |  8.0

Action                   |  1- 3 |  4- 6 |  7- 9 || total
-------------------------+-------+-------+-------++-------
Melee: Unarmed           |   108 |   120 |   465 ||   693
       Bite              |     7 |    14 |    41 ||    62
       Punch             |     1 |     1 |     9 ||    11
Invok: Berserk           |     4 |     8 |    19 ||    31
       Trog's Hand       |     1 |     1 |     6 ||     8
  Use: Scroll            |       |       |    15 ||    15
 Stab: Sleeping          |    10 |     9 |    38 ||    57
       Distracted        |     2 |       |     2 ||     4
  Eat: Chunk             |    12 |    11 |    34 ||    57
Armor: Skin              |     3 |     4 |    10 ||    17
Dodge: Dodged            |    78 |   117 |   412 ||   607

Table legend:
 A = Non-vault XP
 B = Vault XP
 C = Vault XP percentage of total XP
 D = Non-vault monster count
 E = Vault monster count
 F = Vault count percentage of total count
                 A         B        C        D         E       F
            +---------+---------+-------+---------+---------+-------
      Total |    5837 |    2120 |  26.6 |     188 |      37 |  16.4
            +---------+---------+-------+---------+---------+-------
        D:1 |      36 |       4 |  10.0 |      20 |       3 |  13.0
        D:2 |     123 |      16 |  11.5 |      22 |       8 |  26.7
        D:3 |     135 |     295 |  68.6 |      23 |       3 |  11.5
        D:4 |     265 |      43 |  14.0 |      23 |       3 |  11.5
        D:5 |     815 |       0 |   0.0 |      27 |       0 |   0.0
        D:6 |     329 |     274 |  45.4 |      13 |       1 |   7.1
        D:7 |     943 |     205 |  17.9 |      24 |       1 |   4.0
        D:8 |     927 |      84 |   8.3 |      10 |       1 |   9.1
        D:9 |    2264 |    1199 |  34.6 |      26 |      17 |  39.5
            +---------+---------+-------+---------+---------+-------
